 Dungeon Crawl Stone Soup version 0.21.1-1-g345015fe64 (webtiles) character file.

4906 KleinerIrrer the Cleaver (level 10, -4/64 HPs)
             Began as a Gargoyle Fighter on Apr 4, 2018.
             Was an Initiate of Okawaru.
             Slain by Thargor's ghost (14 damage)
             ... on level 1 of the Lair of Beasts.
             The game lasted 00:02:21 (9809 turns).

KleinerIrrer the Cleaver (Gargoyle Fighter)         Turns: 9809, Time: 00:02:22

Health: -4/64      AC: 27    Str: 26    XL:     10   Next: 51%
Magic:  10/10      EV:  8    Int:  9    God:    Okawaru [......]
Gold:   268        SH: 17    Dex:  9    Spells: 9/9 levels left

rFire    . . .     SeeInvis .   Y - +1 war axe
rCold    + . .     Gourm    .   a - +0 large shield
rNeg     + . .     Faith    .   u - +1 plate armour
rPois    ∞         Spirit   .   t - +2 helmet
rElec    +         Reflect  .   (no cloak)
rCorr    .         Harm     .   k - +2 pair of gloves {Str+3}
MR       .....                  (no boots)
Stlth    ..........             (no amulet)
HPRegen  0.20/turn              i - +4 ring of evasion
MPRegen  0.12/turn              q - ring of protection from cold

@: about to teleport
A: negative energy resistance 1, electricity resistance, unbreathing,
petrification resistance, rot immunity, AC +7
a: Renounce Religion


You were on level 1 of the Lair of Beasts.
You worshipped Okawaru.
Okawaru was noncommittal.
You were not hungry.

You visited 3 branches of the dungeon, and saw 10 of its levels.

You collected 448 gold pieces.
You spent 180 gold pieces at shops.


Innate Abilities, Weirdness & Mutations

You are resistant to torment.
Your stone body is resilient. (AC +7)
You are immune to poison.
You resist negative energy. (rN+)
You are resistant to electric shocks. (rElec)
You can survive without breathing.
You are immune to petrification.
You are immune to rotting.


   Skills:
 - Level 8.3 Fighting
 - Level 10.0 Axes
 + Level 6.0 Armour
 - Level 1.0 Dodging
 - Level 8.0 Shields


You had 9 spell levels left.
You didn't know any spells.

Inventory:

Hand Weapons
 s - a +0 flail of protection
 Y - a +1 war axe (weapon)
Missiles
 w - a tomahawk (quivered)
Armour
 a - a +0 large shield (worn)
 k - a +2 pair of gloves of strength (worn)
 m - a +0 cloak
 t - a +2 helmet (worn)
 u - a +1 plate armour (worn)
Jewellery
 i - a +4 ring of evasion (left hand)
 q - a ring of protection from cold (right hand)
Wands
 v - a wand of polymorph (10)
Scrolls
 c - a scroll of remove curse
 l - a scroll of amnesia {unknown}
 o - a scroll of immolation {unknown}
Potions
 b - a potion of haste
 d - 3 potions of might
 g - a potion of ambrosia {unknown}
 h - 2 potions of curing
 n - a potion of cancellation {unknown}
 p - a potion of invisibility {unknown}
Comestibles
 e - 10 rations
 j - 8 chunks of flesh

Dungeon Overview and Level Annotations

Branches:
Dungeon (8/15)             Temple (1/1) D:6            Lair (1/6) D:8

Altars:
Ashenzari
Cheibriados
Dithmenos
Elyvilon
Fedhas
Gozag
Hepliaklqana
Kikubaaqudgha
Makhleb
Nemelex Xobeh
Okawaru
Qazlal
Ru
Sif Muna
Trog
Uskayaw
Vehumet
Wu Jian
Xom
Yredelemnul
Zin
The Shining One

Shops:
D:4 ?

Annotations:
D:5 1 runed door
Lair:1 Thargor's ghost, journeyman FoFi


Message History

Your plate armour prevents you from hitting Thargor's ghost.
Thargor's ghost is lightly damaged.
You block Thargor's ghost's attack.
You miss Thargor's ghost.
Thargor's ghost is lightly damaged.
Thargor's ghost hits you!
9806 ||| READING scroll of teleportation.
As you read the scroll of teleportation, it crumbles to dust.
You feel strangely unstable. Thargor's ghost hits you.
You closely miss Thargor's ghost.
Thargor's ghost is lightly damaged.
You block Thargor's ghost's attack.
You closely miss Thargor's ghost.
Thargor's ghost is lightly damaged.
You block Thargor's ghost's attack.
You miss Thargor's ghost.
Thargor's ghost is lightly damaged.
Thargor's ghost hits you!
You die...

#...# #.# ##..#
..[. ##.## ..(..
#..## ...# #P..##
#...### ##...##
###.(..... ##...#
#.!.......
#..#####.W#......
##...#...@......P
#...............
##..............
#...#............
#..####..../....[.
...P #...........
..#. ##..........
. ## ##.........
##.......


You could see Thargor's ghost.

Vanquished Creatures
  Erica (D:8)
  The ghost of brittlin the Cleaver, a novice HOFi of Okawaru (D:6)
  The ghost of Neles the Ruffian, a novice TrMo of Cheibriados (D:5)
  Sigmund (D:2)
  A hungry ghost (D:8)
  Eustachio (D:5)
  Menkaure (D:6)
  Edmund (D:6)
  Duvessa (D:6)
  2 ice beasts
  4 orc warriors
  A sky beast (D:8)
  4 ogres
  3 phantoms
  2 centaurs
  A crocodile (Lair:1)
  3 bullfrogs
  Dowan (D:6)
  3 scorpions
  A howler monkey (D:4)
  A crimson imp (D:7)
  2 jellies
  2 hounds
  Jessica (D:2)
  5 orc wizards (D:3)
  5 worker ants
  An iguana (D:6)
  A hound skeleton (D:7)
  Robin (D:3)
  3 gnolls (D:5)
  2 river rats (D:6)
  8 adders
  An ooze (D:4)
  An adder zombie (D:6)
  2 worms
  4 leopard geckos
  15 orcs
  4 ball pythons
  7 giant cockroaches
  14 goblins
  16 hobgoblins
  6 jackals
  6 kobolds
  A quokka (D:2)
  5 bats
  4 frilled lizards
  15 rats
167 creatures vanquished.

Notes
Turn   | Place    | Note
-------+----------+-------------------------------------------
     0 | D:1      | KleinerIrrer the Gargoyle Fighter began the quest for the Orb.
     0 | D:1      | Reached XP level 1. HP: 14/14 MP: 1/1
     0 | D:1      | 0 ||| counter = 18
    28 | D:1      | Reached skill level 2 in Axes
    66 | D:1      | Reached XP level 2. HP: 16/19 MP: 2/2
   600 | D:1      | Reached skill level 3 in Axes
   659 | D:1      | Reached XP level 3. HP: 23/23 MP: 3/3
   682 | D:1      | 682 ||| DROPPING club.
  1097 | D:1      | 1097 ||| READING scroll labeled UJOAGR ODUH.
  1098 | D:1      | 1098 ||| READING scroll labeled MEIMME UGRAT.
  1099 | D:1      | 1099 ||| READING scroll labeled HEPRAC CAITE.
  1214 | D:2      | Noticed Sigmund
  1233 | D:2      | HP: 4/23 [Sigmund/scythe (5)]
  1243 | D:2      | Killed Sigmund
  1243 | D:2      | Reached skill level 5 in Axes
  1243 | D:2      | Reached XP level 4. HP: 6/28 MP: 4/4
  1243 | D:2      | Reached XP level 5. HP: 7/32 MP: 5/5
  1416 | D:2      | 1416 ||| STAIRDANCE
  1543 | D:2      | Found a hide-covered altar of Uskayaw.
  1682 | D:2      | Reached XP level 6. HP: 37/37 MP: 6/6
  2094 | D:2      | 2094 ||| READING scroll of identify.
  2094 | D:2      | 2094 ||| IDENTIFYING bronze ring
  2095 | D:2      | 2095 ||| DROPPING cursed ring of loudness.
  2108 | D:3      | Noticed Jessica
  2109 | D:3      | 2109 ||| STAIRDANCE
  2116 | D:2      | Killed Jessica
  2136 | D:3      | 2136 ||| STAIRDANCE
  2165 | D:2      | 2165 ||| DROPPING mace.
  2392 | D:3      | Noticed Robin
  2403 | D:3      | Killed Robin
  2403 | D:3      | Reached skill level 1 in Dodging
  2438 | D:3      | 2438 ||| STAIRDANCE
  2560 | D:2      | 2560 ||| UPGRADING to pair of embroidered gloves.
  2565 | D:2      | 2565 ||| READING scroll of identify.
  2565 | D:2      | 2565 ||| IDENTIFYING lumpy brass amulet
  2566 | D:2      | 2566 ||| DROPPING cursed amulet of inaccuracy.
  2574 | D:3      | 2574 ||| STAIRDANCE
  2681 | D:3      | Reached XP level 7. HP: 43/43 MP: 7/7
  2689 | D:3      | 2689 ||| DROPPING flail.
  2832 | D:3      | Reached skill level 6 in Axes
  3274 | D:3      | Found an ornate altar of the Wu Jian Council.
  3512 | D:3      | 3512 ||| UPGRADING to large shield.
  3522 | D:3      | 3522 ||| DROPPING +0 shield.
  3523 | D:3      | 3523 ||| UPGRADING to chain mail.
  3533 | D:3      | 3533 ||| DROPPING +0 scale mail.
  3534 | D:3      | 3534 ||| UPGRADING to helmet.
  3539 | D:3      | 3539 ||| UPGRADING to plate armour.
  3549 | D:3      | 3549 ||| DROPPING +0 chain mail.
  3550 | D:3      | 3550 ||| READING scroll labeled NAEBUY JIONGI.
  3554 | D:3      | 3554 ||| DRINKING 2 fuming blue potions.
  3555 | D:3      | 3555 ||| READING scroll of identify.
  3555 | D:3      | 3555 ||| IDENTIFYING iron ring
  3556 | D:3      | 3556 ||| DROPPING ring of wizardry.
  3557 | D:3      | 3557 ||| DROPPING potion of degeneration.
  3654 | D:4      | Found Usuchi's Magic Scroll Boutique.
  3657 | D:4      | Bought a scroll of enchant armour for 75 gold pieces
  3657 | D:4      | Bought a scroll of enchant weapon for 75 gold pieces
  3657 | D:4      | Bought a scroll of teleportation for 30 gold pieces
  3657 | D:4      | 3657 ||| SHOPLISTING scroll of identify (20 gold, have 3).
  3657 | D:4      | 3657 ||| SHOPLISTING scroll of teleportation (30 gold, have 3).
  3657 | D:4      | 3657 ||| READING scroll of enchant armour.
  3657 | D:4      | 3657 ||| ENCHANTING cursed +0 helmet.
  3658 | D:4      | 3658 ||| READING scroll of enchant weapon.
  3658 | D:4      | 3658 ||| ENCHANTING +0 war axe.
  3935 | D:4      | Reached skill level 7 in Axes
  3935 | D:4      | Reached XP level 8. HP: 48/48 MP: 8/8
  4122 | D:4      | 4122 ||| READING scroll labeled VIVEP XEIMPIZ.
  4123 | D:4      | 4123 ||| READING scroll labeled ZUCZOE USKU.
  4124 | D:4      | 4124 ||| DRINKING 3 viscous blue potions.
  4125 | D:4      | 4125 ||| DRINKING 2 fizzy ruby potions.
  4132 | D:5      | Entered Level 5 of the Dungeon
  4133 | D:5      | Noticed Neles's ghost (novice TrMo)
  4144 | D:5      | 4144 ||| STAIRDANCE
  4197 | D:5      | 4197 ||| STAIRDANCE
  4307 | D:5      | 4307 ||| STAIRDANCE
  4534 | D:5      | Got a fine mace
  4539 | D:5      | Found a runed door.
  4675 | D:5      | Noticed Eustachio
  4694 | D:5      | Killed Eustachio
  4774 | D:5      | Killed Neles's ghost
  4774 | D:5      | Reached skill level 8 in Axes
  4774 | D:5      | Reached XP level 9. HP: 41/54 MP: 9/9
  5017 | D:5      | 5017 ||| READING scroll labeled SAELAO ZIRERUA.
  5018 | D:5      | 5018 ||| READING scroll of identify.
  5018 | D:5      | 5018 ||| IDENTIFYING tubular golden ring
  5019 | D:5      | 5019 ||| DROPPING ring of magical power.
  5022 | D:5      | 5022 ||| EATING 9 rations.
  5073 | D:6      | 5073 ||| READING scroll of enchant armour.
  5073 | D:6      | 5073 ||| ENCHANTING +1 helmet.
  5124 | D:6      | 5124 ||| UPGRADING to fine mace.
  5124 | D:6      | Identified the +8 mace of Foeluada {crush, rElec rPois} (You found it on level 5 of the Dungeon)
  5125 | D:6      | 5125 ||| SWAPPING to +1 war axe.
  5126 | D:6      | 5126 ||| DROPPING +8 mace of Foeluada {crush, rElec rPois}.
  5127 | D:6      | 5127 ||| UPGRADING to flail of protection.
  5128 | D:6      | 5128 ||| SWAPPING to +1 war axe.
  5145 | D:6      | Noticed Menkaure
  5153 | D:6      | Killed Menkaure
  5231 | D:6      | Found a white marble altar of Elyvilon.
  5238 | D:6      | Noticed brittlin's ghost (novice HOFi)
  5274 | D:6      | 5274 ||| STAIRDANCE
  5405 | D:6      | Noticed Edmund
  5415 | D:6      | Killed Edmund
  5435 | D:6      | Reached skill level 6 in Fighting
  5511 | D:6      | Found a hazy altar of Hepliaklqana.
  5716 | D:6      | Found a staircase to the Ecumenical Temple.
  5727 | Temple   | Entered the Ecumenical Temple
  5728 | Temple   | 5728 ||| Entered T.
  6135 | D:6      | Reached skill level 6 in Shields
  6136 | D:6      | 6136 ||| STAIRDANCE
  6255 | D:5      | 6255 ||| EATING 10 rations.
  6442 | D:6      | Noticed Dowan
  6457 | D:6      | 6457 ||| STAIRDANCE
  6589 | D:6      | 6589 ||| STAIRDANCE
  6711 | D:6      | 6711 ||| STAIRDANCE
  6856 | D:6      | Killed brittlin's ghost
  6856 | D:6      | Reached skill level 9 in Axes
  6861 | D:6      | Noticed Duvessa
  6871 | D:6      | Killed Duvessa
  6874 | D:6      | Killed Dowan
  6927 | D:6      | Reached skill level 6 in Armour
  7164 | D:6      | Found a glowing golden altar of the Shining One.
  7487 | D:6      | 7487 ||| DRINKING 2 grey potions.
  7488 | D:6      | 7488 ||| READING 3 scrolls of identify.
  7488 | D:6      | 7488 ||| IDENTIFYING glowing agate ring
  7489 | D:6      | 7489 ||| UPGRADING to +4 ring of evasion.
  7490 | D:6      | 7490 ||| READING 2 scrolls of identify.
  7490 | D:6      | 7490 ||| IDENTIFYING small moonstone ring
  7491 | D:6      | 7491 ||| UPGRADING to ring of protection from cold.
  7492 | D:6      | 7492 ||| DROPPING potion of agility.
  7641 | D:7      | Reached XP level 10. HP: 63/63 MP: 10/10
  8052 | D:7      | 8052 ||| READING 2 scrolls of identify.
  8052 | D:7      | 8052 ||| IDENTIFYING blue potion
  8071 | D:8      | Found a blossoming altar of Fedhas.
  8083 | D:8      | 8083 ||| Stepping randomly (disturbance).
  8090 | D:8      | 8090 ||| Stepping randomly (disturbance).
  8091 | D:8      | 8091 ||| Stepping randomly (disturbance).
  8092 | D:8      | 8092 ||| Stepping randomly (disturbance).
  8095 | D:8      | 8095 ||| Stepping randomly (disturbance).
  8100 | D:8      | 8100 ||| Stepping randomly (disturbance).
  8110 | D:8      | 8110 ||| EATING 9 rations.
  8363 | D:8      | Found a radiant altar of Vehumet.
  8427 | D:8      | Reached skill level 10 in Axes
  8476 | D:8      | Noticed Erica
  8477 | D:8      | 8477 ||| DRINKING 3 potions of curing.
  8477 | D:8      | 8477 ||| (to cure confusion)
  8496 | D:8      | Killed Erica
  8612 | D:8      | Found a staircase to the Lair.
  8904 | D:8      | Found a stormy altar of Qazlal.
  9024 | D:8      | Found a bloodstained altar of Trog.
  9025 | D:8      | Found an iron altar of Okawaru.
  9162 | D:8      | 9162 ||| EATING 10 rations.
  9170 | D:8      | Became a worshipper of Warmaster Okawaru
  9214 | D:8      | 9214 ||| DRINKING 2 amethyst potions.
  9215 | D:8      | 9215 ||| DRINKING 2 inky potions.
  9256 | D:8      | 9256 ||| READING scroll of identify.
  9256 | D:8      | 9256 ||| IDENTIFYING tubular jade ring
  9257 | D:8      | 9257 ||| DROPPING ring of stealth.
  9258 | D:8      | 9258 ||| DROPPING potion of berserk rage.
  9259 | D:8      | 9259 ||| DROPPING potion of magic.
  9260 | D:8      | 9260 ||| DROPPING potion of lignification.
  9307 | Lair:1   | Entered Level 1 of the Lair of Beasts
  9307 | Lair:1   | Noticed an eight-headed hydra
  9308 | Lair:1   | 9308 ||| Entered L.
  9308 | Lair:1   | 9308 ||| SWAPPING to +0 flail of protection.
  9310 | Lair:1   | 9310 ||| STAIRDANCE
  9316 | D:8      | HP: 16/64 [eight-headed hydra (6)]
  9317 | D:8      | 9317 ||| READING 2 scrolls of teleportation.
  9318 | D:8      | 9318 ||| DRINKING potion of heal wounds.
  9321 | D:8      | 9321 ||| SWAPPING to +1 war axe.
  9696 | Lair:1   | 9696 ||| READING scroll of enchant armour.
  9696 | Lair:1   | 9696 ||| ENCHANTING +0 plate armour.
  9773 | Lair:1   | Noticed Thargor's ghost (journeyman FoFi)
  9805 | Lair:1   | HP: 10/64 [Thargor's ghost (7)]
  9806 | Lair:1   | 9806 ||| READING scroll of teleportation.
  9809 | Lair:1   | Slain by Thargor's ghost

Vault maps used:
D:1:      moated_graveyard_arrival, corexii_item_surrounded_by_moat
D:2:      wad_pebble_path, lemuel_crystal_altar, uniq_sigmund
D:3:      lemuel_round_altar, uniq_robin, uniq_jessica
D:4:      serial_shops, kennysheep_mini
D:5:      first_ration, hangedman_decor_opposing, uniq_eustachio,
          uniq_crazy_yiuf_cottage
D:6:      kennysheep_mini_moat, old_standard_altar, elyvilon_altar_3,
          minmay_temple_entry_glass, portal_sewer_entry_a, uniq_duvessa,
          uniq_menkaure, uniq_edmund
D:8:      grunt_temple_overflow_bloody_war, vehumet_crystals,
          lemuel_round_altar, lair_entry_dummy, grunt_pizzeria,
          fedhas_bush_and_centaur_altar, uniq_erica
Temple:   oiseaux_autumnal_temple
Lair:1:   grunt_megastairs_3, uniq_grum

Skill      XL: |  1  2  3  4  5  6  7  8  9 10 |
---------------+-------------------------------+-----
Axes           | 2 3 5 7 8 9 10 | 10.0
Fighting       | 4 5 7 8 |  8.3
Shields        | 4 5 6 8 |  8.0
Dodging        | 1 |  1.0
Armour         | 4 6 |  6.0

Action                   |  1- 3 |  4- 6 |  7- 9 | 10-12 || total
-------------------------+-------+-------+-------+-------++-------
Melee: War axe           |   146 |   102 |   344 |   155 ||   747
       Flail             |       |       |       |     7 ||     7
Throw: Javelin           |       |    17 |    58 |     7 ||    82
       Tomahawk          |       |       |    19 |     6 ||    25
  Use: Scroll            |     3 |     2 |    11 |     5 ||    21
       Potion            |       |       |     4 |     4 ||     8
  Eat: Chunk             |     1 |     5 |    10 |     6 ||    22
       Ration            |       |       |     2 |     1 ||     3
Armor: Scale mail        |    62 |    78 |    24 |       ||   164
       Plate armour      |       |       |   119 |    87 ||   206
Dodge: Dodged            |    36 |    41 |    40 |    30 ||   147
Block: Shield            |    65 |    51 |    22 |       ||   138
       Large shield      |       |       |   197 |   106 ||   303

Table legend:
 A = Spawn XP
 B = Non-spawn XP
 C = Spawn XP percentage of total XP
 D = Spawn monster count
 E = Non-spawn monster count
 F = Spawn count percentage of total count
 G = Total turns spent on level
                    A         B        C        D         E        F      G
               +---------+---------+-------+---------+---------+-------+---------
         Total |       0 |    7009 |   0.0 |       0 |     167 |   0.0 |  9809
               +---------+---------+-------+---------+---------+-------+---------
           D:1 |       0 |      53 |   0.0 |       0 |      29 |   0.0 |  1206
           D:2 |       0 |     335 |   0.0 |       0 |      26 |   0.0 |  1113
           D:3 |       0 |     429 |   0.0 |       0 |      37 |   0.0 |  1254
           D:4 |       0 |     514 |   0.0 |       0 |      14 |   0.0 |   741
           D:5 |       0 |    1056 |   0.0 |       0 |      11 |   0.0 |  1534
           D:6 |       0 |    2086 |   0.0 |       0 |      25 |   0.0 |  1400
           D:7 |       0 |     394 |   0.0 |       0 |       8 |   0.0 |   558
           D:8 |       0 |    1863 |   0.0 |       0 |      14 |   0.0 |  1511
        Lair:1 |       0 |     279 |   0.0 |       0 |       3 |   0.0 |   229
               +---------+---------+-------+---------+---------+-------+---------
